 Dungeon Crawl Stone Soup version 0.29-a0-352-g0917bc69df (webtiles) character file.

Game seed: 8924155928772620521

8986 rabbitsville the Ruffian (level 11, 0/102 HPs)
             Began as a Troll Transmuter on Apr 23, 2022.
             Was an Elder of Cheibriados.
             Slain by Snorg (26 damage)
             ... on level 10 of the Dungeon on Apr 24, 2022.
             The game lasted 00:43:19 (8497 turns).

rabbitsville the Ruffian (Troll Transmuter)         Turns: 8497, Time: 00:43:19

Health: 0/102      AC:  6    Str: 30    XL:     11   Next: 17%
Magic:  15/15      EV: 19    Int: 23    God:    Cheibriados [****..]
Gold:   164        SH:  0    Dex: 25    Spells: 6/17 levels left

rFire   . . .      SeeInvis .     - Unarmed
rCold   . . .      Faith    .   (shield currently unavailable)
rNeg    . . .      Spirit   .   (body armour currently unavailable)
rPois   x          Reflect  .   (helmet currently unavailable)
rElec   .          Harm     .   (cloak currently unavailable)
rCorr   .          Rampage  .   (gloves unavailable)
Will    .....                   (boots unavailable)
Stlth   ++........              (no amulet)
HPRegen 1.07/turn               n - +4 ring of protection
MPRegen 0.14/turn               w - ring of wizardry

@: spider-form, very slow
A: venomous fangs, tiny, unfitting armour, (claws 3), regeneration 1, (shaggy
fur 1), (tough skin 1)
a: End Transformation, Renounce Religion, Bend Time, Temporal Distortion, Slouch


You were on level 10 of the Dungeon.
You worshipped Cheibriados.
Cheibriados was greatly pleased with you.
You were a venomous arachnid creature.
You visited 2 branches of the dungeon, and saw 11 of its levels.

You collected 668 gold pieces.
You spent 504 gold pieces at shops.

Inventory:

Armour
 a - a +0 robe
 f - the +2 hat "Syvus" (melded) {Drain rF+ Slay+4}
   (You acquired it on level 7 of the Dungeon)

   Slay:      It affects your accuracy & damage with ranged weapons and melee
   (+4).
   rF:        It protects you from fire.
   Drain:     It drains your maximum health when unequipped.
 B - a +0 troll leather armour (melded)
Jewellery
 h - an amulet of the acrobat
 n - a +4 ring of protection (left front leg)
 w - a ring of wizardry (right front leg)
 y - a ring of protection from cold
 z - a +4 ring of protection
Wands
 r - a wand of paralysis (8)
 x - a wand of iceblast (11)
 C - a wand of flame (11)
Scrolls
 e - 3 scrolls of teleportation
 i - 3 scrolls of blinking
 j - a scroll of fear {unknown}
 k - 4 scrolls of vulnerability
 l - 2 scrolls of brand weapon
 m - a scroll of amnesia
 p - 3 scrolls of fog
 q - a scroll of holy word {unknown}
 s - a scroll of noise {unknown}
 t - 2 scrolls of enchant weapon {unknown}
 u - 2 scrolls of silence {unknown}
 D - a scroll of summoning {unknown}
Potions
 b - 2 potions of lignification
 c - 3 potions of might
 d - 5 potions of curing
 g - 3 potions of attraction
 o - a potion of resistance {unknown}
 v - 2 potions of cancellation
 A - a potion of flight {unknown}
 E - a potion of berserk rage {unknown}


   Skills:
 - Level 5.0 Fighting
 - Level 1.5 Dodging
 - Level 7.8 Unarmed Combat
 - Level 3.8 Spellcasting
 - Level 3.8 Conjurations
 + Level 6.8 Transmutations
 * Level 3.7 Ice Magic
 - Level 5.5 Poison Magic


You had 6 spell levels left.
You knew the following spells:

 Your Spells              Type           Power      Damage    Failure   Level
a - Beastly Appendage     Tmut           70%        N/A       1%          1
b - Wereblood             Tmut           35%        N/A       2%          2
c - Spider Form           Tmut/Pois      32%        N/A       4%          3
d - Ignite Poison         Fire/Tmut/Pois 23%        N/A       7%          3
e - Poisonous Vapours     Pois/Air       34%        N/A       6%          2

Your spell library contained the following spells:

 Spells                   Type           Power      Damage    Failure   Level
 Sting                    Tmut/Pois      100%       1d8       1%          1
 Static Discharge         Conj/Air       13%        N/A       9%          2
 Mephitic Cloud           Conj/Pois/Air  18%        N/A       9%          3
 Ice Form                 Ice/Tmut       28%        N/A       12%         4
 Conjure Flame            Conj/Fire      13%        6-21      13%         3
 Freezing Cloud           Conj/Ice/Air   7%         6-21      54%         5
 Eringya's Noxious Bog    Tmut/Pois      16%        N/A       58%         6
 Orb of Destruction       Conj           10%        9d6       100%        7


Dungeon Overview and Level Annotations

Branches:
Dungeon (10/15)            Temple (1/1) D:7            Lair (0/6) D:10
    Orc (0/2) D:10

Altars:
Ashenzari
Cheibriados
Dithmenos
Elyvilon
Fedhas
Gozag
Hepliaklqana
Kikubaaqudgha
Makhleb
Nemelex Xobeh
Okawaru
Qazlal
Ru
Sif Muna
Trog
Uskayaw
Vehumet
Wu Jian
Xom
Yredelemnul
Zin
The Shining One

Shops:
D:7 :

Annotations:
D:3 2 transporters, Hubris850's ghost, amateur KoBr
D:8 3 runed translucent doors, Atlas's ghost, novice OpAE
D:10 Snorg


Innate Abilities, Weirdness & Mutations

You are a venomous arachnid creature.
You have poisonous fangs.
You are tiny and dextrous.
Your spellcasting is less reliable in this form.
Your armour is entirely melded.
You are incapable of wielding weapons or throwing items.
You are too large for most types of armour.
((You have claws for hands.))
Your natural rate of healing is unusually fast.
((You are covered in fur. (AC +1)))
((You have tough skin. (AC +1)))


Message History

The centaur hits you but does no damage.
The centaur kicks you but does no damage.
You hit the centaur.
You kill the centaur!
Cheibriados thoroughly appreciates the change of pace.
Snorg goes berserk!
You completely miss Snorg. Snorg completely misses you. Snorg misses you.
Snorg barely misses you.
You maul Snorg!!
Snorg is lightly wounded.
Snorg bites you. Snorg closely misses you. Snorg claws you!!
Snorg barely misses you. x3
You hit Snorg.
Snorg is lightly wounded.
Snorg closely misses you. Snorg misses you. Snorg completely misses you.
You bite Snorg!
Snorg is poisoned.
Snorg is moderately wounded.
Snorg completely misses you. Snorg claws you!! Snorg claws you.
You hit Snorg.
Snorg looks as sick as possible!
Snorg is moderately wounded.
Snorg bites you! Snorg claws you! Snorg barely misses you.
Snorg bites you but does no damage. Snorg barely misses you. Snorg claws you!
Snorg attacks as you move away! Snorg bites you. Snorg claws you!
* * * LOW HITPOINT WARNING * * *
Snorg claws you!
* * * LOW HITPOINT WARNING * * *
Snorg completely misses you. Snorg claws you.
* * * LOW HITPOINT WARNING * * *
Snorg completely misses you.
You feel better. Snorg closely misses you. Snorg barely misses you.
Snorg closely misses you. Snorg completely misses you.
Snorg closely misses you. Snorg barely misses you. Snorg barely misses you.
Snorg claws you.
* * * LOW HITPOINT WARNING * * *
Snorg misses you. Snorg completely misses you. Snorg misses you.
Snorg barely misses you. Snorg misses you. x2; Snorg claws you.
* * * LOW HITPOINT WARNING * * *
You feel better. Snorg bites you!!
You die...

.T........#..#.......###..
#.#.#####.#...........##..
#.#.# #.#...........##.. #.#.#
#.#......>.....#.. #.#.#
#.#......[.....#.. #.#.#
#.................
##.###.#.######.#.#.......####>
...c......).......#.......# #.
#.$###.#.....Ts...##.[...## #.
#.########..## #...## #. ..
...# ##.## #. ##. ##.# .. .. #.
.# ## #. .# #. .#


You could see Snorg (berserk, very poisoned).

Vanquished Creatures
  An elephant (D:10)
  A komodo dragon (D:10)
  2 trolls (D:9)
  3 hornets
  Prince Ribbit (D:7)
  19 yaks
  4 vampire mosquitoes (D:10)
  2 water moccasins
  2 ice beasts
  An orc warrior (D:10)
  A sky beast (D:8)
  3 black bears
  2 ogres
  6 centaurs
  2 phantoms
  3 kobold brigands
  A bullfrog (D:8)
  2 gnoll sergeants
  3 scorpions
  10 howler monkeys
  4 orc priests
  4 hounds
  3 jellies
  A gnoll shaman (D:7)
  Natasha (thrice) (D:4)
  9 iguanas
  9 orc wizards
  18 gnolls
  7 adders
  2 white imps
  An ufetubus (D:2)
  5 worms
  3 dart slugs
  60 orcs
  8 ball pythons
  7 endoplasms
  2 giant cockroaches
  10 goblins
  7 hobgoblins
  14 jackals
  4 quokkas
  4 bats
  5 frilled lizards
  15 kobolds
  6 rats
280 creatures vanquished.

Vanquished Creatures (others)
  A fungus (D:10)
  A plant (D:10)
2 creatures vanquished.

Grand Total: 282 creatures vanquished

Notes
Turn   | Place    | Note
-------+----------+-------------------------------------------
     0 | D:1      | rabbitsville the Troll Transmuter began the quest for the
                  | Orb.
     0 | D:1      | Reached XP level 1. HP: 18/18 MP: 1/1
    87 | D:1      | Got the Disquisition on Conjuration
   467 | D:2      | Reached XP level 2. HP: 26/26 MP: 0/3
   515 | D:2      | Found a faded altar of an unknown god.
   622 | D:2      | Reached XP level 3. HP: 29/32 MP: 4/4
  1121 | D:2      | Reached XP level 4. HP: 27/40 MP: 5/5
  1309 | D:3      | Noticed a phantom
  1325 | D:3      | Killed a phantom
  1326 | D:3      | Reached XP level 5. HP: 46/46 MP: 5/7
  1678 | D:3      | Found a transporter.
  1705 | D:3      | Found a transporter.
  1711 | D:3      | Noticed an ancient zyme
  2111 | D:3      | Reached skill level 4 in Unarmed Combat
  2117 | D:3      | Learned a level 2 spell: Wereblood
  2137 | D:3      | Noticed Hubris850's ghost (amateur KoBr)
  2240 | D:4      | Reached XP level 6. HP: 54/54 MP: 6/8
  2561 | D:4      | You fall into a shaft and drop 3 floors!
  2621 | D:8      | Noticed a hornet
  2622 | D:8      | Noticed a hornet
  2626 | D:8      | Paralysed by a hornet for 3 turns
  2680 | D:7      | Noticed an ice beast
  2680 | D:7      | Noticed a sky beast
  2705 | D:8      | Killed a sky beast
  2706 | D:8      | Reached XP level 7. HP: 45/61 MP: 10/10
  2810 | D:8      | Reached skill level 5 in Unarmed Combat
  2883 | D:8      | Reached skill level 1 in Fighting
  2883 | D:8      | Reached XP level 8. HP: 43/70 MP: 10/12
  3121 | D:5      | Entered Level 5 of the Dungeon
  3133 | D:5      | Reached skill level 6 in Unarmed Combat
  3413 | D:4      | Noticed Natasha
  3417 | D:4      | Killed Natasha
  3622 | D:4      | Noticed Natasha
  3631 | D:4      | Killed Natasha
  3970 | D:4      | Noticed Natasha
  3977 | D:4      | Killed Natasha
  3978 | D:4      | Reached skill level 7 in Unarmed Combat
  4090 | D:5      | Found a snail-covered altar of Cheibriados.
  4099 | D:5      | Became a worshipper of Cheibriados the Contemplative
  4187 | D:5      | Reached XP level 9. HP: 64/84 MP: 10/13
  4662 | D:6      | Learned a level 3 spell: Spider Form
  4854 | D:6      | Reached * piety under Cheibriados
  4981 | D:6      | Reached skill level 5 in Fighting
  5284 | D:7      | Found Noydub's Book Emporium.
  5339 | D:7      | Noticed Prince Ribbit
  5348 | D:7      | Killed Prince Ribbit
  5349 | D:7      | Reached skill level 1 in Poison Magic
  5415 | D:7      | Found a staircase to the Ecumenical Temple.
  5486 | D:7      | Reached skill level 1 in Conjurations
  5832 | Temple   | Entered the Ecumenical Temple
  6224 | D:8      | Reached skill level 5 in Transmutations
  6356 | D:8      | Reached ** piety under Cheibriados
  6584 | D:8      | Found a runed translucent gate.
  6584 | D:8      | Found a runed translucent gate.
  6585 | D:8      | Found a runed translucent gate.
  6585 | D:8      | Found an opulent altar of Gozag.
  6585 | D:8      | Noticed Atlas's ghost (novice OpAE)
  6585 | D:8      | Noticed a gargoyle
  6638 | D:8      | Learned a level 3 spell: Ignite Poison
  6914 | D:9      | Reached XP level 10. HP: 53/96 MP: 12/14
  7252 | D:9      | Reached *** piety under Cheibriados
  7413 | D:9      | Reached skill level 5 in Poison Magic
  7473 | D:9      | Paralysed by a hornet for 3 turns
  7490 | D:9      | Learned a level 3 spell: Mephitic Cloud
  7887 | D:10     | Entered Level 10 of the Dungeon
  7926 | D:10     | Found a staircase to the Orcish Mines.
  7952 | D:10     | Reached **** piety under Cheibriados
  7953 | D:10     | Reached skill level 1 in Ice Magic
  8092 | D:7      | Bought Sif Muna's Volume of Aerial Poison for 504 gold
                  | pieces
  8092 | D:7      | Identified a scroll of acquirement
  8092 | D:7      | Acquired the +2 hat "Syvus" {Drain rF+ Slay+4}
  8105 | D:7      | Learned a level 2 spell: Poisonous Vapours
  8253 | D:10     | Found a staircase to the Lair.
  8255 | D:10     | Noticed an elephant
  8275 | D:10     | Killed an elephant
  8276 | D:10     | Reached XP level 11. HP: 75/102 MP: 10/15
  8453 | D:10     | Noticed Snorg
  8497 | D:10     | Slain by Snorg

Illustrated notes

Levels and vault maps discovered:
D:1:      kennysheep_arrival_forest, layout_rooms
D:2:      layout_basic, dilly_ecumenical_altar_fadedgnrine,
          minmay_joined_circles
D:3:      layout_basic, gammafunk_ghost_abyssal_escape, st_stairs_7
D:4:      layout_layer_cave, kennysheep_doodads, grunt_ministairs_1,
          dreamdust_princess_corridor, uniq_natasha
D:5:      layout_basic, kennysheep_slug_shrine
D:6:      layout_basic
D:7:      layout_cave_pools, lemuel_temple_firewalk_b, serial_shops,
          nicolae_shop_trees, minivault_22, uniq_prince_ribbit1
D:8:      layout_cave_pools, ebering_ghost_gozag, minmay_between
D:9:      layout_loops_ring
D:10:     layout_loops_ring, david_lair_generic, hiddenorc2_lemuel, uniq_snorg
Temple:   mainiacjoe_temple_archimedes_tessellation

Skill      XL: |  1  2  3  4  5  6  7  8  9 10 11 |
---------------+----------------------------------+-----
Transmutations | 2 3 4 5 6 |  6.8
Spellcasting   | 2 3 |  3.8
Unarmed Combat | 4 5 7 |  7.8
Fighting       | 1 4 5 |  5.0
Poison Magic   | 3 5 |  5.5
Conjurations   | 2 3 |  3.8
Ice Magic      | 2 3 |  3.7
Dodging        | |  1.5

Action                   |  1- 3 |  4- 6 |  7- 9 | 10-12 || total
-------------------------+-------+-------+-------+-------++-------
Melee: Unarmed           |    97 |   202 |   300 |   219 ||   818
       Kick              |     6 |    17 |    48 |     3 ||    74
       Punch             |     4 |     7 |     2 |     2 ||    15
       Headbutt          |     4 |    15 |    34 |     3 ||    56
 Cast: Beastly Appendage |    13 |    18 |    28 |     3 ||    62
       Wereblood         |       |       |     9 |     6 ||    15
       Spider Form       |       |       |    13 |    10 ||    23
       Mephitic Cloud    |       |       |       |     1 ||     1
  Use: Scroll            |       |     2 |     5 |     6 ||    13
       Potion            |       |     1 |       |     2 ||     3
 Stab: Sleeping          |     2 |       |       |       ||     2
Armor: Robe              |    29 |    89 |   104 |       ||   222
       Skin              |       |     4 |    11 |    29 ||    44
       Troll leather arm |       |       |       |    25 ||    25
Dodge: Dodged            |    53 |    92 |   188 |   164 ||   497

Table legend: (Time is in decaauts)
 A = Elapsed time spent in this place.
 B = Non-inter-level travel time spent in this place.
 C = Inter-level travel time spent in this place.
 D = Time resting spent in this place.
 E = Time spent auto-exploring this place.
 F = Levels seen in this place.
 G = Mean time per level.
                   A        B        C        D        E       F      G
               +--------+--------+--------+--------+--------+-----+--------+
         Total |   9987 |   9389 |    598 |    368 |   5684 |  11 |  907.9 |
       Dungeon |   9657 |   9095 |    562 |    368 |   5427 |  10 |  965.7 |
        Temple |    330 |    294 |     36 |      0 |    256 |   1 |  330.0 |
               +--------+--------+--------+--------+--------+-----+--------+

Top non-repeatable levels by time:
     D:9: 1464 daAuts
     D:8: 1281 daAuts
     D:4: 1218 daAuts
     D:7: 1037 daAuts
     D:5: 927 daAuts
     D:6: 852 daAuts
     D:3: 846 daAuts
     D:2: 838 daAuts
    D:10: 733 daAuts
     D:1: 457 daAuts
  Temple: 330 daAuts
